 Dungeon Crawl Stone Soup version 0.27.0-1-g7a089689b8 (webtiles) character file.

Game seed: 4488743787141036080

4715 inmateoo the Frost Mage (level 10, -9/65 HPs)
             Began as an Octopode Ice Elementalist on Aug 6, 2021.
             Was a Priest of Makhleb.
             Mangled by a two-headed ogre (15 damage)
             ... on level 7 of the Dungeon.
             The game lasted 00:11:39 (8175 turns).

inmateoo the Frost Mage (Octopode Ice Elementalist) Turns: 8175, Time: 00:11:39

Health: -9/65      AC: 11    Str:  7    XL:     10   Next: 45%
Magic:  14/20      EV: 16    Int: 21    God:    Makhleb [***...]
Gold:   318        SH:  0    Dex: 13    Spells: 15/22 levels left

rFire    + + .     SeeInvis .   b - +5 dagger (flame)
rCold    . . .     Faith    .   (no shield)
rNeg     . . .     Spirit   .   e - +2 hat
rPois    +         Reflect  .   (no amulet)
rElec    .         Harm     .   f - ring of protection from fire
rCorr    .         Rampage  .   j - ring of poison resistance
Will     .....                  q - ring of protection from fire
Stlth    +++++.....             (no ring)
HPRegen  0.20/turn              (no ring)
MPRegen  0.17/turn              (no ring)
                                (no ring)
                                (no ring)

@: ice-armoured, freezing walls
A: almost no armour, amphibious, 8 rings, camouflage 1, gelatinous body 1,
(nimble swimmer 1), tentacles
a: Renounce Religion, Minor Destruction, Lesser Servant of Makhleb


You were on level 7 of the Dungeon.
You worshipped Makhleb.
Makhleb was most pleased with you.
You visited 1 branch of the dungeon, and saw 7 of its levels.
You also visited: Sewer.

You collected 318 gold pieces.

Inventory:

Hand Weapons
 b - a +5 dagger of flaming (weapon)
Armour
 e - a +2 hat (worn)
Jewellery
 f - a ring of protection from fire (left tentacle)
 j - a ring of poison resistance (right tentacle)
 q - a ring of protection from fire (on tentacle)
Wands
 i - a wand of polymorph (11)
 k - a wand of paralysis (3)
 l - a wand of iceblast (14)
 t - a wand of flame (22)
Scrolls
 d - 2 scrolls of amnesia
 g - 6 scrolls of teleportation
 h - 5 scrolls of fear
 o - a scroll of fog
 r - a scroll of enchant weapon
Potions
 a - a potion of invisibility
 c - 3 potions of heal wounds
 m - 4 potions of magic
 n - a potion of ambrosia
 p - 2 potions of flight {unknown}
 s - a potion of attraction
 u - a potion of lignification {unknown}


   Skills:
 + Level 4.5 Fighting
 - Level 2.0 Short Blades
 + Level 7.0 Dodging
 + Level 7.8 Stealth
 + Level 6.8 Spellcasting
 + Level 8.7 Ice Magic
 + Level 4.3 Invocations


You had 15 spell levels left.
You knew the following spells:

 Your Spells              Type           Power      Damage    Failure   Level
a - Freeze                Ice            100%       1d11      1%          1
b - Frozen Ramparts       Ice            86%        1d10      1%          3
c - Ozocubu's Armour      Ice            43%        N/A       1%          3

Your spell library contained the following spells:

 Spells                   Type           Power      Damage    Failure   Level
 Magic Dart               Conj           28%        1d4       9%          1
 Searing Ray              Conj           14%        3d3       14%         2
 Hailstorm                Conj/Ice       25%        3d7       16%         4
 Fulminant Prism          Conj/Hex       3%         3d6       65%         4


Dungeon Overview and Level Annotations

Branches:
Dungeon (7/15)             Temple (0/1) D:4           Sewer (visited)

Altars:
Ashenzari
Makhleb
Qazlal
Trog
Wu Jian

Shops:
D:1 (((


Innate Abilities, Weirdness & Mutations

You cannot wear most types of armour.
You are amphibious.
You can wear up to eight rings at the same time.
Your skin changes colour to match your surroundings (Stealth+).
Your rubbery body absorbs attacks. (AC +1, EV +1)
((You are camouflaged near water. (Stealth+)))
You have tentacles for arms and can constrict up to eight enemies at once.


Message History

The two-headed ogre is heavily wounded.
The wall freezes the two-headed ogre.
The two-headed ogre hits you but does no damage.
The two-headed ogre misses you.
The wall freezes the orc.
You kill the orc!
Makhleb accepts your kill.
You feel better.
You hit the two-headed ogre. You burn the two-headed ogre.
The two-headed ogre is severely wounded.
The wall freezes the two-headed ogre.
The two-headed ogre misses you.
The two-headed ogre hits you with a +0 dire flail.
You hit the two-headed ogre but do no damage.
The two-headed ogre is severely wounded.
You hit the two-headed ogre but do no damage.
The two-headed ogre is severely wounded.
The wall freezes the two-headed ogre.
The two-headed ogre barely misses you.
The two-headed ogre hits you with a +0 dire flail!
Casting: Ozocubu's Armour (safe; 1% risk of failure)
Confirm with . or Enter, or press ? or * to list all spells.
Aiming: Freeze (safe; 1% risk of failure)
Press: ? - help, Shift-Dir - straight line, f/p - two-headed ogre
Aim: a two-headed ogre, wielding a +0 giant club and a +0 dire flail (severely wounded)
You freeze the two-headed ogre!
The two-headed ogre is severely wounded.
The wall freezes the two-headed ogre.
The two-headed ogre hits you with a +0 giant club!!
* * * LOW HITPOINT WARNING * * *
The two-headed ogre hits you with a +0 dire flail!
* * * LOW HITPOINT WARNING * * *
Unknown command.
Casting: Freeze (safe; 1% risk of failure)
Confirm with . or Enter, or press ? or * to list all spells.
Aiming: Freeze (safe; 1% risk of failure)
Press: ? - help, Shift-Dir - straight line, f/p - two-headed ogre
Aim: a two-headed ogre, wielding a +0 giant club and a +0 dire flail (almost dead)
You freeze the two-headed ogre!
The two-headed ogre is almost dead.
The wall freezes the two-headed ogre.
The two-headed ogre hits you with a +0 giant club!
You die...

#######.. ...
.......###......
...............
#......#......
#......#......
#####......#......
...........#......
........##.)###.#
......#.#..@O...#
).....#.#.#.##..#
..... #.#.... .#
....# #.###..# #
########.# #<.#
#......#.# ##..
#.####.#.# #..
#####.# #.#.# ..
......# #<#.#


You could see a two-headed ogre.

Vanquished Creatures
  Pikel (D:6)
  The ghost of Tungsten the Carver, a novice DjFi of Wu Jian (D:5)
  Prince Ribbit (D:5)
  Sigmund (D:6)
  5 yaks (D:5)
  3 vampire mosquitoes (D:6)
  An ice beast (D:5)
  2 necrophages
  5 black bears
  3 ogres
  2 centaurs (D:6)
  A lemure (D:6)
  A kobold brigand (Sewer)
  Blork the orc (D:6)
  2 bullfrogs (D:6)
  2 scorpions
  A howler monkey (D:4)
  2 quasits (Sewer)
  3 hounds (D:4)
  4 orc priests
  5 jellies
  6 iguanas
  2 orc wizards
  7 adders
  2 shadow imps (Sewer)
  A white imp (D:5)
  3 ufetubi (Sewer)
  2 adder skeletons (D:4)
  4 worms
  2 dart slugs
  15 orcs
  4 endoplasms
  5 giant cockroaches
  11 goblins
  6 hobgoblins
  5 jackals
  21 kobolds
  6 quokkas
  10 ball pythons
  6 bats
  4 frilled lizards
  A giant cockroach zombie (Sewer)
  2 kobold zombies (Sewer)
  A quokka skeleton (D:4)
  8 rats
181 creatures vanquished.

Vanquished Creatures (others)
  2 withered plants (D:5)
2 creatures vanquished.

Grand Total: 183 creatures vanquished

Notes
Turn   | Place    | Note
-------+----------+-------------------------------------------
     0 | D:1      | inmateoo the Octopode Ice Elementalist began the quest for
                  | the Orb.
     0 | D:1      | Reached XP level 1. HP: 11/11 MP: 3/3
   266 | D:1      | Reached XP level 2. HP: 17/17 MP: 1/5
   323 | D:1      | Found Siroucw's Antique Weapon Emporium.
   441 | D:1      | Found Ofo Xeas's Antique Weapon Emporium.
   489 | D:1      | Reached XP level 3. HP: 6/21 MP: 1/6
   490 | D:1      | Found Nuryi's Weapon Boutique.
  1233 | D:2      | Found a burning altar of Makhleb.
  1276 | D:2      | Became a worshipper of Makhleb the Destroyer
  1321 | D:2      | Found a faded altar of an unknown god.
  1469 | D:2      | Reached XP level 4. HP: 27/27 MP: 7/7
  1527 | D:2      | Learned a level 3 spell: Frozen Ramparts
  1531 | D:2      | Learned a level 3 spell: Ozocubu's Armour
  1735 | D:3      | Found a broken altar of Ashenzari.
  1940 | D:3      | Found a glowing drain.
  1944 | Sewer    | Entered a sewer
  1988 | Sewer    | Reached * piety under Makhleb
  1989 | Sewer    | Reached XP level 5. HP: 27/31 MP: 9/9
  2234 | Sewer    | Found a burning altar of Makhleb.
  2251 | Sewer    | Noticed a kobold brigand
  2251 | Sewer    | Noticed Grinder
  2253 | Sewer    | Reached skill level 5 in Ice Magic
  2274 | Sewer    | Paralysed by Grinder for 2 turns
  2303 | Sewer    | Killed a kobold brigand
  2304 | Sewer    | Reached XP level 6. HP: 17/36 MP: 6/11
  2494 | Sewer    | Paralysed by Grinder for 7 turns
  2500 | Sewer    | HP: 1/36 [Grinder (4)]
  2967 | D:3      | Found an ornate altar of the Wu Jian Council.
  3101 | D:4      | Reached ** piety under Makhleb
  3540 | D:4      | Noticed a black bear
  3547 | D:4      | Killed a black bear
  3548 | D:4      | Reached skill level 6 in Ice Magic
  3548 | D:4      | Reached XP level 7. HP: 30/41 MP: 13/13
  3756 | D:4      | Found a staircase to the Ecumenical Temple.
  4137 | D:4      | Reached skill level 1 in Invocations
  4143 | D:4      | Reached skill level 1 in Fighting
  4728 | D:4      | Reached skill level 5 in Stealth
  4728 | D:4      | Reached XP level 8. HP: 50/50 MP: 7/14
  4924 | D:4      | Found a bloodstained altar of Trog.
  5132 | D:5      | Entered Level 5 of the Dungeon
  5274 | D:5      | Noticed a yak
  5278 | D:5      | Noticed a yak
  5278 | D:5      | Noticed a yak
  5279 | D:5      | Noticed a yak
  5279 | D:5      | Noticed a yak
  5295 | D:5      | Killed a yak
  5298 | D:5      | Killed a yak
  5299 | D:5      | Reached skill level 5 in Dodging
  5299 | D:5      | Killed a yak
  5303 | D:5      | Killed a yak
  5304 | D:5      | Reached skill level 5 in Spellcasting
  5304 | D:5      | Reached skill level 7 in Ice Magic
  5306 | D:5      | Killed a yak
  5306 | D:5      | Reached *** piety under Makhleb
  5307 | D:5      | Reached XP level 9. HP: 20/56 MP: 4/17
  6198 | D:5      | Noticed Prince Ribbit
  6283 | D:5      | Killed Prince Ribbit
  6349 | D:5      | Found a runed translucent door.
  6349 | D:5      | Noticed Tungsten's ghost (novice DjFi)
  6443 | D:5      | Reached skill level 8 in Ice Magic
  6729 | D:5      | Found a stormy altar of Qazlal.
  6841 | D:5      | Killed Tungsten's ghost
  6842 | D:5      | Reached skill level 1 in Short Blades
  7249 | D:6      | Reached XP level 10. HP: 48/63 MP: 13/19
  7408 | D:6      | Noticed Sigmund
  7420 | D:6      | Killed Sigmund
  7840 | D:6      | Noticed Pikel
  7843 | D:6      | Noticed Blork the orc
  7849 | D:6      | Killed Pikel
  7856 | D:6      | Killed Blork the orc
  8162 | D:7      | Noticed a two-headed ogre
  8175 | D:7      | Mangled by a two-headed ogre

Illustrated notes

Levels and vault maps discovered:
D:1:      psy_arrival_radial02, layout_rooms, serial_shops, shop,
          nicolae_square_shop, shop
D:2:      layout_loops_cross, basic_altar, ebering_ecumenical_altar_hall
D:3:      layout_rooms, nicolae_wu_jian_glorious_leap,
          mainiacjoe_overflow_alcove_1, gup_sewer_entry_bowl
D:4:      minmay_bubble_buster, layout_loops_ring, lightli_temple_of_fire,
          minmay_temple_entry_wispy
D:5:      layout_basic, nicolae_qazlal_general_emergency, gammafunk_ghost_grave,
          uniq_prince_ribbit1
D:6:      layout_cave_pods, grunt_ministairs_1, st_stairs_5, uniq_sigmund,
          uniq_blork_the_orc, uniq_grinder, uniq_pikel
D:7:      layout_basic, uniq_joseph

Skill      XL: |  1  2  3  4  5  6  7  8  9 10 |
---------------+-------------------------------+-----
Stealth        | 3 4 5 6 7 |  7.8
Dodging        | 3 4 5 6 7 |  7.0
Spellcasting   | 3 4 5 6 |  6.8
Ice Magic      | 5 6 7 8 |  8.7
Invocations    | 2 3 4 |  4.3
Fighting       | 1 3 4 |  4.5
Short Blades   | 2 |  2.0

Action                   |  1- 3 |  4- 6 |  7- 9 | 10-12 || total
-------------------------+-------+-------+-------+-------++-------
Melee: Dagger            |    70 |    92 |   141 |    37 ||   340
       Constrict         |    17 |    20 |    26 |     6 ||    69
       Tentacles         |     7 |    12 |    22 |     6 ||    47
       Unarmed           |     1 |       |       |       ||     1
 Cast: Freeze            |    15 |    19 |       |     2 ||    36
       Frozen Ramparts   |       |     6 |    23 |     8 ||    37
       Ozocubu's Armour  |       |     4 |    16 |     7 ||    27
Evoke: Wand              |       |       |     4 |       ||     4
  Use: Potion            |       |     5 |     1 |       ||     6
       Scroll            |       |     6 |     9 |     1 ||    16
 Stab: Sleeping          |     4 |    10 |     8 |     3 ||    25
       Distracted        |       |       |     1 |       ||     1
       Invisible         |       |       |     1 |       ||     1
       Paralysed         |       |       |     1 |       ||     1
Armor: Skin              |     8 |    31 |    19 |     4 ||    62
Dodge: Dodged            |    43 |   100 |   105 |    29 ||   277
